PAA
SPRINGFIELD SHOOTERS @ MYRTLE BEACH MERMEN
08/15/2023
 
TOP OF THE 1ST
Springfield Shooters batting - Pitching for Myrtle Beach Mermen : RHP José Martínez
Pitching: RHP José Martínez
Batting: SHB Albert Santos 0-0: Called Strike
0-1: Called Strike
0-2: Ball
1-2: Ball
2-2: Foul Ball, location: 2F
2-2: Ball
3-2: Fly out, F9 (Flyball, 89M)
Batting: RHB Michael Hicks 0-0: Ball
1-0: Ball
2-0: Fly out, F8 (Flyball, 8LXD)
Batting: SHB Jared Jefferson 0-0: Swinging Strike
0-1: Foul Ball, location: 2F
0-2: Ball
1-2: Strikes out swinging
Top of the 1st over - 0 run(s), 0 hit(s), 0 error(s), 0 left on base; Springfield 0 - Myrtle Beach 0
BOTTOM OF THE 1ST
Myrtle Beach Mermen batting - Pitching for Springfield Shooters : RHP Jim Unknown
Pitching: RHP Jim Unknown
Batting: RHB Sancho Romero 0-0: Called Strike
0-1: Swinging Strike
0-2: Ball
1-2: Strikes out swinging
Batting: RHB Matt Love 0-0: SINGLE (Groundball, 56D)
Batting: RHB Jorge Baker 0-0: Ball
1-0: Called Strike
1-1: Called Strike
1-2: Strikes out swinging
Matt Love steals 2nd base
Batter strikes out.
Batting: LHB Joe Cashmore 0-0: SINGLE (Groundball, 34D)
Matt Love to third
Runner from 3rd tries for Home, SAFE, no throw or cutoff
Batting: RHB Scott Zijm 0-0: Ball
1-0: Called Strike
1-1: Swinging Strike
1-2: Strikes out swinging
Bottom of the 1st over - 1 run(s), 2 hit(s), 0 error(s), 1 left on base; Springfield 0 - Myrtle Beach 1
TOP OF THE 2ND
Springfield Shooters batting - Pitching for Myrtle Beach Mermen : RHP José Martínez
Batting: RHB Ethan Miller 0-0: Ball
1-0: Ball
2-0: Called Strike
2-1: Fly out, F6 (Line Drive, 6D)
Batting: RHB Roy Herring 0-0: Called Strike
0-1: Swinging Strike
0-2: Ball
1-2: Ball
2-2: SINGLE (Flyball, 8RS)
Batting: LHB Brad Shockley 0-0: Called Strike
0-1: Ball
1-1: Foul Ball, location: 2F
1-2: Foul Ball, location: 2F
1-2: Ball
2-2: Ball
3-2: Fly out, F8 (Flyball, 8LD)
Batting: RHB Lee Charles 0-0: Foul Ball, location: 2F
0-1: Swinging Strike
0-2: Strikes out swinging
Top of the 2nd over - 0 run(s), 1 hit(s), 0 error(s), 1 left on base; Springfield 0 - Myrtle Beach 1
BOTTOM OF THE 2ND
Myrtle Beach Mermen batting - Pitching for Springfield Shooters : RHP Jim Unknown
Batting: RHB Javier Robles 0-0: Ball
1-0: Foul Ball, location: 2F
1-1: Ball
2-1: SINGLE (Line Drive, 89S)
Batting: RHB Carlos Gómez 0-0: Called Strike
0-1: Foul Ball, location: 2F
0-2: Ball
1-2: Strikes out swinging
Batting: RHB Jimmy Dawson 0-0: Ball
1-0: Fly out, F7 (Flyball, 78M)
Batting: SHB David Vázquez 0-0: Ground out 4-3 (Groundball, 4)
Bottom of the 2nd over - 0 run(s), 1 hit(s), 0 error(s), 1 left on base; Springfield 0 - Myrtle Beach 1
TOP OF THE 3RD
Springfield Shooters batting - Pitching for Myrtle Beach Mermen : RHP José Martínez
Batting: RHB David Abreu 0-0: Ball
1-0: Foul Ball, location: 2F
1-1: Bunt for hit - play at first, batter OUT! 1-3
Batting: SHB Eugene Bentley 0-0: Foul Ball, location: 2F
0-1: DOUBLE (Flyball, 7LM)
Batting: SHB Albert Santos 0-0: Ball
1-0: Foul Ball, location: 2F
1-1: Ball
2-1: Ball
3-1: Called Strike
3-2: Foul Ball, location: 2F
3-2: Strikes out looking
Batting: RHB Michael Hicks 0-0: Ball
1-0: Ball
2-0: Ball
3-0: Called Strike
3-1: Called Strike
3-2: Strikes out swinging
Top of the 3rd over - 0 run(s), 1 hit(s), 0 error(s), 1 left on base; Springfield 0 - Myrtle Beach 1
BOTTOM OF THE 3RD
Myrtle Beach Mermen batting - Pitching for Springfield Shooters : RHP Jim Unknown
Batting: RHB Sancho Romero 0-0: Foul Ball, location: 2F
0-1: Ball
1-1: Foul Ball, location: 2F
1-2: Strikes out looking
Batting: RHB Matt Love 0-0: Swinging Strike
0-1: Reached on error, E6 (Groundball, 6)
Batting: RHB Jorge Baker 0-0: Foul Ball, location: 2F
0-1: Foul Ball, location: 2F
0-2: Ball
1-2: Foul Ball, location: 2F
1-2: Ball
2-2: Foul Ball, location: 2F
2-2: SINGLE (Groundball, 4D)
Matt Love to third
Runner from 3rd tries for Home, SAFE, throw made home
Batting: LHB Joe Cashmore 0-0: Called Strike
0-1: Ground out 4-3 (Groundball, 4S)
Jorge Baker to second
Batting: RHB Scott Zijm 0-0: Ground out 3-1 (Groundball, 34)
Bottom of the 3rd over - 1 run(s), 1 hit(s), 1 error(s), 1 left on base; Springfield 0 - Myrtle Beach 2
TOP OF THE 4TH
Springfield Shooters batting - Pitching for Myrtle Beach Mermen : RHP José Martínez
Batting: SHB Jared Jefferson 0-0: Called Strike
0-1: Ball
1-1: SINGLE (Line Drive, 7LS)
Batting: RHB Ethan Miller 0-0: Called Strike
0-1: Ball
1-1: Fly out, F7 (Flyball, 78M)
Batting: RHB Roy Herring 0-0: SINGLE (Line Drive, 8RS)
Jared Jefferson to second
Batting: LHB Brad Shockley 0-0: Ball
1-0: Ball
2-0: Foul Ball, location: 2F
2-1: Foul Ball, location: 2F
2-2: Foul Ball, location: 2F
2-2: Ball
3-2: Foul Ball, location: 2F
3-2: Fly out, F3 (Popup, 23F)
Batting: RHB Lee Charles 0-0: Ball
1-0: Swinging Strike
1-1: Ball
2-1: Foul Ball, location: 2F
2-2: Ball
3-2: Foul Ball, location: 2F
3-2: Base on Balls
Jared Jefferson to third
Roy Herring to second
Batting: RHB David Abreu 0-0: SINGLE (Line Drive, 8LS)
Jared Jefferson scores
Roy Herring to third
Lee Charles to second
Batting: SHB Eugene Bentley 0-0: Fly out, F9 (Line Drive, 89M)
Top of the 4th over - 1 run(s), 3 hit(s), 0 error(s), 3 left on base; Springfield 1 - Myrtle Beach 2
BOTTOM OF THE 4TH
Myrtle Beach Mermen batting - Pitching for Springfield Shooters : RHP Jim Unknown
Batting: RHB Javier Robles 0-0: Called Strike
0-1: Foul Ball, location: 2F
0-2: SINGLE (Groundball, 4MD) (infield hit)
Batting: RHB Carlos Gómez 0-0: Ball
1-0: Fly out, F9 (Flyball, 9LM)
Batting: RHB Jimmy Dawson 0-0: Called Strike
0-1: Ball
1-1: Foul Ball, location: 2F
1-2: Foul Ball, location: 2F
1-2: Ball
2-2: Ball
3-2: Foul Ball, location: 2F
3-2: Grounds into double play, 1-4-3 (Groundball, 13S)
Bottom of the 4th over - 0 run(s), 1 hit(s), 0 error(s), 0 left on base; Springfield 1 - Myrtle Beach 2
TOP OF THE 5TH
Springfield Shooters batting - Pitching for Myrtle Beach Mermen : RHP José Martínez
Batting: SHB Albert Santos 0-0: Foul Ball, location: 2F
0-1: Ball
1-1: Ball
2-1: Ball
3-1: Base on Balls
Batting: RHB Michael Hicks 0-0: Bunted foul
0-1: Bunted foul
0-2: Ball
1-2: Foul Ball, location: 2F
1-2: Ball
2-2: SINGLE (Line Drive, 7S)
Albert Santos to second
Batting: SHB Jared Jefferson 0-0: Called Strike
0-1: Ball
1-1: Ball
2-1: Foul Ball, location: 2F
2-2: Strikes out swinging
Batting: RHB Ethan Miller 0-0: Ball
1-0: Called Strike
1-1: Ball
2-1: Foul Ball, location: 2F
2-2: Ball
3-2: Foul Ball, location: 2F
3-2: Base on Balls
Albert Santos to third
Michael Hicks to second
Batting: RHB Roy Herring 0-0: Ball
1-0: Ball
2-0: Called Strike
2-1: Grounds into double play, U5-3 (Groundball, 5L)
Top of the 5th over - 0 run(s), 1 hit(s), 0 error(s), 2 left on base; Springfield 1 - Myrtle Beach 2
BOTTOM OF THE 5TH
Myrtle Beach Mermen batting - Pitching for Springfield Shooters : RHP Jim Unknown
Batting: SHB David Vázquez 0-0: Ball
1-0: Swinging Strike
1-1: Called Strike
1-2: Ball
2-2: Ball
3-2: Foul Ball, location: 2F
3-2: SINGLE (Groundball, 4M)
Batting: RHB Sancho Romero 0-0: Sac Bunt - play at first, batter OUT! 1-4
David Vázquez to second
Batting: RHB Matt Love 0-0: Called Strike
0-1: Fly out, F8 (Flyball, 8LM)
Batting: RHB Jorge Baker 0-0: Ball
1-0: Fly out, F7 (Flyball, 7D)
Bottom of the 5th over - 0 run(s), 1 hit(s), 0 error(s), 1 left on base; Springfield 1 - Myrtle Beach 2
TOP OF THE 6TH
Springfield Shooters batting - Pitching for Myrtle Beach Mermen : RHP José Martínez
Batting: LHB Brad Shockley 0-0: Foul Ball, location: 2F
0-1: Ball
1-1: Called Strike
1-2: Foul Ball, location: 2F
1-2: Strikes out swinging
Batting: RHB Lee Charles 0-0: Foul Ball, location: 2F
0-1: Ball
1-1: SINGLE (Groundball, 56)
Pitching: RHP Kenny Ryan
Batting: RHB David Abreu 0-0: Ball
1-0: Foul Ball, location: 2F
1-1: Foul Ball, location: 2F
1-2: Ball
2-2: Foul Ball, location: 2F
2-2: Ball
3-2: SINGLE (Line Drive, 7S)
Lee Charles to second
Batting: SHB Eugene Bentley 0-0: Fly out, F6 (Popup, 6)
Batting: SHB Albert Santos 0-0: Ball
1-0: Foul Ball, location: 2F
1-1: Swinging Strike
1-2: Strikes out swinging
Top of the 6th over - 0 run(s), 2 hit(s), 0 error(s), 2 left on base; Springfield 1 - Myrtle Beach 2
BOTTOM OF THE 6TH
Myrtle Beach Mermen batting - Pitching for Springfield Shooters : RHP Jim Unknown
Batting: LHB Joe Cashmore 0-0: Fly out, F8 (Flyball, 8LM)
Batting: RHB Scott Zijm 0-0: Called Strike
0-1: Ball
1-1: Ball
2-1: Swinging Strike
2-2: Foul Ball, location: 2F
2-2: Ball
3-2: Strikes out swinging
Batting: RHB Javier Robles 0-0: Ball
1-0: Ball
2-0: Called Strike
2-1: SOLO HOME RUN (Flyball, 7D), Distance : 375 ft
Batting: RHB Carlos Gómez 0-0: Ball
1-0: Foul Ball, location: 2F
1-1: Ball
2-1: Fly out, F7 (Flyball, 7M)
Bottom of the 6th over - 1 run(s), 1 hit(s), 0 error(s), 0 left on base; Springfield 1 - Myrtle Beach 3
TOP OF THE 7TH
Springfield Shooters batting - Pitching for Myrtle Beach Mermen : RHP Kenny Ryan
Batting: RHB Michael Hicks 0-0: Ball
1-0: Fly out, F4 (Popup, 34)
Batting: SHB Jared Jefferson 0-0: Ball
1-0: Ground out 3-1 (Groundball, 34)
Batting: RHB Ethan Miller 0-0: Swinging Strike
0-1: Fly out, F9 (Flyball, 9D)
Top of the 7th over - 0 run(s), 0 hit(s), 0 error(s), 0 left on base; Springfield 1 - Myrtle Beach 3
BOTTOM OF THE 7TH
Myrtle Beach Mermen batting - Pitching for Springfield Shooters : RHP Jim Unknown
Batting: RHB Jimmy Dawson 0-0: Called Strike
0-1: Swinging Strike
0-2: Strikes out looking
Batting: SHB David Vázquez 0-0: Fly out, F8 (Flyball, 78M)
Batting: RHB Sancho Romero 0-0: Ball
1-0: Ball
2-0: Ball
3-0: Fly out, F9 (Flyball, 89M)
Bottom of the 7th over - 0 run(s), 0 hit(s), 0 error(s), 0 left on base; Springfield 1 - Myrtle Beach 3
TOP OF THE 8TH
Springfield Shooters batting - Pitching for Myrtle Beach Mermen : RHP Kenny Ryan
Batting: RHB Roy Herring 0-0: Called Strike
0-1: Ball
1-1: Ball
2-1: Foul Ball, location: 2F
2-2: Strikes out swinging
Batting: LHB Brad Shockley 0-0: Ground out 4-3 (Groundball, 4)
Batting: RHB Lee Charles 0-0: Called Strike
0-1: Ball
1-1: Ball
2-1: Swinging Strike
2-2: Ground out 6-3 (Groundball, 6)
Top of the 8th over - 0 run(s), 0 hit(s), 0 error(s), 0 left on base; Springfield 1 - Myrtle Beach 3
BOTTOM OF THE 8TH
Myrtle Beach Mermen batting - Pitching for Springfield Shooters : RHP Jim Unknown
Batting: RHB Matt Love 0-0: Ball
1-0: SINGLE (Line Drive, 6D)
Batting: RHB Jorge Baker 0-0: Ball
1-0: Grounds into double play, 3-6-4 (Groundball, 34)
Batting: LHB Joe Cashmore 0-0: Ball
1-0: Ball
2-0: Swinging Strike
2-1: Ball
3-1: Base on Balls
Batting: RHB Scott Zijm 0-0: SINGLE (Groundball, 56)
Joe Cashmore to second
Batting: RHB Javier Robles 0-0: Ground out 1-3 (Groundball, 13)
Bottom of the 8th over - 0 run(s), 2 hit(s), 0 error(s), 2 left on base; Springfield 1 - Myrtle Beach 3
TOP OF THE 9TH
Springfield Shooters batting - Pitching for Myrtle Beach Mermen : RHP Kenny Ryan
Pitching: RHP Culley Adjeng
Batting: RHB David Abreu 0-0: Called Strike
0-1: Ball
1-1: Foul Ball, location: 2F
1-2: Strikes out looking
Batting: SHB Eugene Bentley 0-0: Called Strike
0-1: Ball
1-1: Swinging Strike
1-2: Ball
2-2: Strikes out swinging
Batting: SHB Albert Santos 0-0: SINGLE (Groundball, 34)
Batting: RHB Michael Hicks 0-0: Ball
1-0: Called Strike
1-1: Foul Ball, location: 2F
1-2: Fly out, F8 (Flyball, 8RD)
Top of the 9th over - 0 run(s), 1 hit(s), 0 error(s), 1 left on base; Springfield 1 - Myrtle Beach 3
This league is powered by Out of the Park Baseball, the baseball management simulation game for PC, Mac and Linux
Friday, July 8th, 2016 - OOTP Baseball 16.9 Build 39